Map: Echo LE

Players

Pseudorandom - Winner!

StarNaN

  • Race: Protoss Protoss
  • Spawn Location: 11:00

VOD

Have the link to the VOD?

Description

Time

  • Played on: April 1, 2015, 11:42 p.m.
  • Length: 9:12
Show
View Real Time Build Order
Export as new Build Order

Pseudorandom Zerg - Winner!

Build Orders: Pool First 

Get SALT Encoding   

  12  0:01  Drone  
  13  0:08  Drone  
  14  0:25  Spawning Pool  
  13  0:32  Overlord  
  13  0:38  Drone  
  14  0:50  Drone x2  
  14  0:54  Drone  
  17  1:13  Hatchery, Zergling x2  
  17  1:16  Drone  
  18  1:27  Drone  
  19  1:33  Queen  
  21  1:41  Overlord  
  21  1:53  Drone  
  22  2:01  Drone, Extractor  
  22  2:08  Queen  
  22  2:09  Drone  
  25  2:17  Hatchery  
  24  2:24  Drone  
  24  2:27  Drone  
  25  2:32  Drone  
  26  2:40  Drone x3  
  29  2:45  Drone  
  30  2:51  Zergling x2  
  30  2:56  Drone  
  30  2:58  Overlord  
  32  3:03  Metabolic Boost  
  32  3:08  Drone  
  32  3:09  Evolution Chamber  
  32  3:15  Drone x2  
  32  3:19  Drone  
  35  3:20  Queen  
  35  3:26  Zergling x6  
  39  3:30  Zergling x4  
  41  3:37  Zergling x4  
  41  3:39  Zerg Missile Weapons Level 1  
  43  3:52  Queen  
  45  4:00  Drone x2  
  45  4:02  Drone x5  
  49  4:03  Drone  
  49  4:06  Extractor  
  49  4:07  Drone x2  
  49  4:16  Lair, Drone  
  49  4:18  Overlord  
  49  4:19  Extractor  
  49  4:21  Overlord  
  48  4:26  Drone  
  49  4:39  Drone x3  
  49  4:40  Drone x2  
  53  4:45  Drone x3  
  53  4:46  Drone  
  53  4:48  Extractor  
  53  4:51  Overlord  
  54  4:54  Drone x5  
  54  4:55  Drone x2  
  61  5:02  Overlord, Spine Crawler  
  60  5:08  Overlord  
  60  5:10  Drone  
  60  5:11  Drone  
  62  5:19  Hydralisk Den  
  62  5:20  Zergling x8  
  62  5:21  Zergling x12  
  71  5:24  Zergling x4  
  73  5:35  Zerg Missile Weapons Level 2  
  73  5:36  Extractor  
  73  5:37  Extractor  
  73  5:40  Drone x3  
  73  5:41  Drone x2  
  76  5:43  Drone x4  
  80  5:52  Muscular Augments  
  80  5:55  Infestation Pit  
  78  6:07  Evolution Chamber  
  76  6:17  Hydralisk  
  76  6:18  Hydralisk x7  
  87  6:32  Hydralisk x3  
  86  6:34  Overlord x4  
  86  6:38  Zerg Ground Armor Level 1  
  88  6:40  Hatchery  
  88  6:42  Hydralisk  
  88  6:47  Overlord  
  89  6:49  Overlord  
  89  6:50  Drone  
  90  6:54  Hive  
  90  6:57  Evolution Chamber  
  90  6:58  Hydralisk x2  
  93  7:01  Drone x2  
  93  7:02  Drone  
  93  7:05  Drone x2  
  93  7:06  Drone  
  99  7:10  Lurker Den  
  99  7:16  Zergling x2  
  99  7:17  Zergling x18  
  103  7:31  Drone x4  
  103  7:35  Drone x2  
  109  7:40  Overlord  
  109  7:47  Zergling x16  
  109  7:48  Zergling x4  
  119  7:53  Drone x2  
  119  7:56  Extractor  
  119  7:57  Extractor  
  119  8:02  Zergling x2  
  119  8:03  Zergling x6  
  123  8:12  Hydralisk, Zergling x8  
  127  8:13  Hydralisk x3, Zergling x4  
  129  8:29  Drone  
  123  8:50  Zergling x14  
  123  8:51  Zergling x2  
  123  8:55  Ultralisk Cavern  
Show
View Real Time Build Order
Export as new Build Order

StarNaN Protoss 

Build Orders: Blink Stalkers 

Get SALT Encoding   

  12  0:01  Probe  
  13  0:13  Probe  
  14  0:17  Pylon  
  14  0:35  Probe (Chrono Boost)  
  14  0:37  Gateway  
  15  0:45  Probe (Chrono Boost), Assimilator  
  16  0:53  Probe  
  17  1:05  Probe (Chrono Boost)  
  18  1:16  Probe (Chrono Boost)  
  19  1:25  Cybernetics Core  
  19  1:26  Zealot  
  19  1:28  Probe  
  22  1:37  Pylon  
  22  1:50  Nexus  
  22  1:57  Pylon  
  22  2:04  Mothership Core (Chrono Boost)  
  24  2:11  Assimilator  
  24  2:12  Warp Gate  
  24  2:18  Probe (Chrono Boost)  
  25  2:30  Probe (Chrono Boost)  
  25  2:34  Stalker  
  28  2:41  Probe (Chrono Boost)  
  29  2:47  Probe (Chrono Boost)  
  29  2:48  Twilight Council  
  31  2:58  Probe (Chrono Boost)  
  31  3:04  Probe (Chrono Boost), Adept  
  31  3:05  Probe (Chrono Boost)  
  35  3:16  Probe (Chrono Boost)  
  35  3:17  Forge  
  37  3:20  Probe (Chrono Boost)  
  37  3:25  Probe (Chrono Boost)  
  39  3:28  Probe (Chrono Boost)  
  39  3:33  Probe, Blink (Chrono Boost)  
  40  3:38  Probe  
  41  3:42  Pylon  
  41  3:46  Probe  
  42  3:51  Probe  
  43  3:58  Probe  
  42  4:03  Probe  
  43  4:10  Probe  
  43  4:15  Probe (Chrono Boost)  
  41  4:17  Protoss Ground Armor Level 1 (Chrono Boost)  
  41  4:18  Photon Cannon  
  41  4:19  Photon Cannon  
  41  4:21  Gateway  
  41  4:22  Probe (Chrono Boost)  
  42  4:26  Assimilator  
  42  4:27  Probe (Chrono Boost)  
  42  4:29  Assimilator  
  44  4:32  Probe (Chrono Boost), Zealot  
  44  4:35  Probe (Chrono Boost)  
  47  4:40  Probe  
  46  4:46  Probe  
  46  4:52  Probe  
  48  4:57  Pylon  
  48  4:58  Probe  
  49  5:01  Gateway x2  
  49  5:04  Probe  
  50  5:08  Stalker  
  50  5:13  Nexus  
  52  5:16  Probe, Pylon  
  52  5:17  Probe  
  54  5:22  Stalker  
  56  5:29  Probe x2 (Chrono Boost)  
  56  5:34  Stalker  
  60  5:38  Photon Cannon  
  60  5:41  Probe x2 (Chrono Boost)  
  62  5:45  Stalker  
  66  5:50  Probe x2 (Chrono Boost)  
  66  5:51  Robotics Facility  
  66  5:53  Templar Archives  
  66  6:00  Probe x2  
  67  6:07  Stalker x3  
  73  6:14  Psionic Storm  
  73  6:17  Stalker  
  75  6:33  Pylon  
  75  6:34  Pylon  
  75  6:36  Pylon  
  75  6:39  Nexus  
  74  6:40  Pylon  
  74  6:47  Pylon  
  74  6:48  Pylon  
  74  6:49  Pylon, Protoss Ground Weapons Level 1 (Chrono Boost)  
  74  6:51  Probe x2, Pylon  
  76  6:54  Pylon  
  76  7:03  Probe x2  
  76  7:04  Stalker x2  
  76  7:05  Stalker  
  76  7:06  Stalker  
  86  7:15  Probe  
  85  7:18  Photon Cannon  
  85  7:27  Probe x2  
  85  7:28  Stalker x3  
  93  7:30  Stalker  
  95  7:38  Gateway  
  95  7:39  Probe (Chrono Boost)  
  95  7:41  Probe (Chrono Boost)  
  95  7:43  Gateway  
  99  7:52  Mothership Core (Chrono Boost), High Templar x3  
  99  7:53  High Templar  
  108  8:00  Assimilator  
  108  8:01  Probe (Chrono Boost)  
  108  8:02  Assimilator  
  108  8:09  Probe (Chrono Boost)  
  108  8:11  Pylon  
  109  8:13  Pylon  
  109  8:17  Probe  
  110  8:20  Probe  
  110  8:24  Stalker x3  
  72  8:36  Stalker  
Tags
 
Composition
Blink Stalkers
Matchup
PvZ
Opening
Pool First
Replay Pack
Replays Day 2
Spawn Locations
Cross Positions
Add a new tag
Caveats
  • Supply blocks, unpowered buildings, or Contaminate may cause inaccurate times.
  • Supply counts are checked every 10 seconds.